AoeStats
← Yousnake

MegaRandom

510185831Analyzed
3v3 RM · 1d ago on Sep 29, 2026· 43m 26s· 6 players
Game mode
Random Map
Map size
Normal (6 player)
Population
200
Speed
Normal
Resources
Standard
Victory
Conquest
Starting age
Dark Age
Ending age
Imperial Age
RankedLock teamsTeams togetherTeam positionsShared explorationLock speedFull tech treeHidden civsTurbo modeCheats
Victory
Defeat
🇫🇷 Romans · France
749
+11
🇲🇦 Hindustanis · Morocco
738
+12
🇲🇦 Franks · Morocco
720
+12
🇧🇷 Khmer · Brazil
700
-13
🇺🇸 Franks · United States
626
-11
🇺🇸 Britons · United States
607
-16
Nacho
10:26 Feudal Age
11:09 Double-Bit Axe
12:51 Fishing Lines
14:00 Wheelbarrow
19:33 Castle Age
18:12 Gold Mining
19:35 Fletching
22:20 Bodkin Arrow
27:25 Bow Saw
27:57 Husbandry
30:24 Gold Shaft Mining
29:49 Ordonnance Companies
34:22 Light Cavalry
36:59 Hand Cart
36:51 Stone Mining
37:04 Padded Archer Armor
39:27 Ballistics
43:54 Imperial Age
43:07 Arson
Squire
11:49 Feudal Age
10:52 Loom
13:47 Double-Bit Axe
19:23 Wheelbarrow
24:43 Town Watch
26:11 Man-at-Arms
38:28 Castle Age
39:10 Pikeman
Diego-NA
0:56 Loom
11:10 Feudal Age
15:53 Wheelbarrow
17:56 Castle Age
21:19 Stone Mining
21:18 Pikeman
22:48 Double-Bit Axe
30:46 Horse Collar
39:53 Imperial Age
Yousnake
5:45 Loom
12:01 Feudal Age
17:53 Castle Age
16:35 Man-at-Arms
17:28 Forging
18:31 Long Swordsman
19:12 Squires
20:21 Scale Mail Armor
21:49 Elite Skirmisher
25:33 Town Watch
27:39 Wheelbarrow
27:20 Fletching
30:39 Hand Cart
31:30 Bodkin Arrow
37:40 Double-Bit Axe
39:51 Gold Mining
39:59 Murder Holes
40:25 Ballistics
GLORY MUSTAF
5:52 Loom
11:27 Feudal Age
11:59 Double-Bit Axe
19:25 Castle Age
18:53 Gold Mining
19:36 Man-at-Arms
20:07 Arson
21:33 Bow Saw
23:41 Squires
23:43 Pikeman
25:12 Gambesons
27:27 Husbandry
27:03 Light Cavalry
30:08 Scale Barding Armor
30:04 Scale Mail Armor
41:22 Chain Barding Armor
41:17 Chain Mail Armor
41:58 Elite Skirmisher
TITAN
8:19 Loom
11:11 Feudal Age
12:49 Horse Collar
14:50 Double-Bit Axe
19:59 Castle Age
18:15 Scale Barding Armor
18:54 Forging
24:17 Gold Mining
24:41 Bow Saw
25:15 Padded Archer Armor
25:46 Husbandry
26:01 Thumb Ring
27:32 Ballistics
28:08 Fletching
28:56 Heavy Plow
39:28 Imperial Age
37:34 Wheelbarrow
37:10 Murder Holes
37:51 Man-at-Arms
38:16 Arson
38:32 Squires
38:51 Elite Skirmisher
41:24 Long Swordsman
42:41 Two-Handed Swordsman
Connection lost

Rejoining the realm…

Still unreachable

The connection could not be restored.

Session expired

The server has moved on; the page needs a fresh start.